 Dungeon Crawl Stone Soup version 0.29-a0-668-g12ee2bf84d (webtiles) character file.

Game seed: 14037091941106713397

18 moldycheese5 the Conjurer (level 2, -8/15 HPs)
             Began as a Deep Elf Conjurer on June 23, 2022.
             Mangled by Terence
             ... wielding a +2 flail of pain
              (11 damage)
             ... on level 2 of the Dungeon.
             The game lasted 00:01:48 (949 turns).

moldycheese5 the Conjurer (Deep Elf Conjurer)        Turns: 949, Time: 00:01:49

Health: -8/15      AC:  2    Str:  4    XL:     2   Next: 48%
Magic:  7/8        EV:  9    Int: 22    God:
Gold:   23         SH:  0    Dex: 13    Spells: 6/7 levels left

rFire   . . .      SeeInvis .   h - staff of earth
rCold   . . .      Faith    .   (no shield)
rNeg    . . .      Spirit   .   a - +0 robe
rPois   .          Reflect  .   (no helmet)
rElec   .          Harm     .   (no cloak)
rCorr   .          Rampage  .   (no gloves)
Will    .....                   (no boots)
Stlth   ++........              (no amulet)
HPRegen 0.05/turn               (no ring)
MPRegen 0.11/turn               (no ring)

@: constricted
A: no striking features
a: no special abilities


You were on level 2 of the Dungeon.
You visited 1 branch of the dungeon, and saw 2 of its levels.

You collected 23 gold pieces.

Inventory:

Armour
 a - a +0 robe (worn)
Magical Staves
 h - a staff of earth (weapon)
Jewellery
 j - a ring of ice
Scrolls
 c - a scroll of magic mapping {unknown}
 d - a scroll of fear {unknown}
 f - a scroll of vulnerability {unknown}
 g - a scroll of amnesia {unknown}
 i - a scroll of fog {unknown}
Potions
 b - 2 potions of magic
 e - a potion of berserk rage {unknown}
 k - 2 potions of flight {unknown}


   Skills:
 + Level 2.5 Dodging
 + Level 2.4 Stealth
 + Level 3.2 Spellcasting
 + Level 5.0 Conjurations


You had 6 spell levels left.
You knew the following spells:

 Your Spells              Type           Power      Damage    Failure   Level
a - Magic Dart            Conj           100%       1d8       1%          1

Your spell library contained the following spells:

 Spells                   Type           Power      Damage    Failure   Level
 Searing Ray              Conj           50%        2d6       2%          2
 Dazzling Flash           Conj/Hex       28%        N/A       13%         3
 Fulminant Prism          Conj/Hex       7%         3d7       38%         4
 Iskenderun's Mystic Bla  Conj/Tloc      14%        2d5       38%         4


Dungeon Overview and Level Annotations

Branches:
Dungeon (2/15)

Altars:

Annotations:
D:2 Sigmund, Terence


Message History

The hobgoblin shouts!
The magic dart hits the hobgoblin.
You kill the hobgoblin!
You can't see any susceptible monsters within range! (Use Z to cast anyway.)
k - 2 sedimented amethyst potions Sigmund the Dreaded comes into view.
He is wielding a +1 antimagic scythe.
The magic dart hits Sigmund.
Sigmund is lightly wounded.
Sigmund shouts!
Sigmund casts a spell.
Sigmund flickers and vanishes!
Deactivating autopickup; reactivate with Ctrl-A.
You can't see any susceptible monsters within range! (Use Z to cast anyway.)
A magic dart appears from out of thin air!
The magic dart hits you.
A ball python and a bat come into view.
Found 2 gold pieces.
Terence the Incautious comes into view.
He is wielding a +2 flail of pain.
Found 16 gold pieces.
An endoplasm comes into view.
The bat closely misses you. The bat hits you but does no damage.
The magic dart hits the bat but does no damage.
The bat closely misses you.
A magic dart appears from out of thin air!
The magic dart hits you!
You are too injured to fight recklessly!
The bat hits you but does no damage.
Terence shouts!
The endoplasm quivers.
The ball python hisses angrily.
You hear a shout!
The bat closely misses you. The bat hits you but does no damage.
Found a scroll labelled SYDETE APLUVA.
The bat closely misses you.
A giant cockroach comes into view.
The ball python bites you.
* * * LOW HITPOINT WARNING * * *
The ball python grabs you. The ball python constricts you.
The bat closely misses you.
Terence hits you with a +2 flail of pain!
Ouch! That really hurt!
You die...

########
#......#########
##....b.........#
#...S@#.#######.######
#.....@.$..............
#.........#######.###...
#........... #.# #.##
#....$...J.B. .##.###.#
##....................#
##...............#...#
##.?............#.#{##
...#.#...


You could see Terence, an endoplasm, a giant cockroach, a bat and a ball python.

Vanquished Creatures
  2 endoplasms (D:1)
  2 goblins (D:1)
  3 hobgoblins
  2 kobolds (D:1)
  2 ball pythons (D:1)
  4 frilled lizards
  4 rats
19 creatures vanquished.

Notes
Turn   | Place    | Note
-------+----------+-------------------------------------------
     0 | D:1      | moldycheese5 the Deep Elf Conjurer began the quest for the
                  | Orb.
     0 | D:1      | Reached XP level 1. HP: 10/10 MP: 6/6
   542 | D:1      | Reached XP level 2. HP: 15/15 MP: 5/8
   646 | D:1      | Found a faded altar of an unknown god.
   854 | D:2      | Reached skill level 5 in Conjurations
   922 | D:2      | Noticed Sigmund
   944 | D:2      | Noticed Terence
   949 | D:2      | Mangled by Terence

Illustrated notes

Levels and vault maps discovered:
D:1:      shiori_arrival_elements, layout_basic,
          hellmonk_ecumenical_altar_crossroads
D:2:      layout_loops_ring, item_on_display_a, uniq_terence, uniq_sigmund

Skill      XL: |  1  2 |
---------------+-------+-----
Conjurations   | 5 |  5.0
Dodging        | |  2.5
Stealth        | |  2.4
Spellcasting   | |  3.2

Action                   || total
-------------------------++-------
 Cast: Magic Dart        ||    29
Armor: Robe              ||     3
Dodge: Dodged            ||     5

Table legend: (Time is in decaauts)
 A = Elapsed time spent in this place.
 B = Non-inter-level travel time spent in this place.
 C = Inter-level travel time spent in this place.
 D = Time resting spent in this place.
 E = Time spent auto-exploring this place.
 F = Levels seen in this place.
 G = Mean time per level.
                   A        B        C        D        E       F      G
               +--------+--------+--------+--------+--------+-----+--------+
         Total |    948 |    937 |     11 |      0 |    840 |   2 |  474.0 |
       Dungeon |    948 |    937 |     11 |      0 |    840 |   2 |  474.0 |
               +--------+--------+--------+--------+--------+-----+--------+

Top non-repeatable levels by time:
     D:1: 834 daAuts
     D:2: 113 daAuts
